 Dungeon Sprint DCSS version 0.31-a0-43-g46d131a48f (webtiles) character file.

Game seed: 7558056591607485149

892 sircluck the Grappler (level 7, -1/81 HPs)
             Began as a Troll Berserker on May 19, 2023.
             Was a Priest of Trog.
             Slain by a wyvern (5 damage)
             ... in the Dungeon (Sprint II: "The Violet Keep of Menkaure").
             The game lasted 00:00:34 (105 turns).

sircluck the Grappler (Troll Berserker)              Turns: 105, Time: 00:00:35

Health: -1/81      AC:  4    Str: 28    XL:     7   Next: 78%
Magic:  6/6        EV: 12    Int:  3    God:    Trog [***...]
Gold:   486        SH:  0    Dex:  9    Spells: 6/6 levels left

rFire   . .          .
                       - Unarmed
rCold   . . .        (no shield)
rNeg    . . .        a - +0 animal skin
rPois   .            (helmet restricted)
rElec   .            (no cloak)
rCorr   .            (gloves unavailable)
SInv    .            (boots unavailable)
Will    .....        (no amulet)
Stlth   +            (no ring)
HPRegen 1.13/turn    (no ring)
MPRegen 0.10/turn

%: no teleportation
@: no status effects
A: large, unfitting armour, claws 3, regeneration 1, shaggy fur 1, tough skin 1
a: Renounce Religion, Berserk, Trog's Hand


You were in the Dungeon.
You worshipped Trog.
Trog was most pleased with you.
You visited 1 branch You collected 486 gold pieces.

Inventory:

Armour
 a - a +0 animal skin (worn)
Scrolls
 g - a scroll of blinking
Potions
 b - a potion of curing
 c - a potion of heal wounds
 d - a potion of haste
 e - 2 potions of magic
 f - a potion of berserk rage


   Skills:
 + Level 8.9 Fighting
 + Level 8.1 Dodging
 + Level 10.9 Unarmed Combat


You had 6 spell levels left.
You didn't know any spells.
Your spell library was empty.

Dungeon Overview and Level Annotations

Branches:
Dungeon (1/1)

Altars:


Innate Abilities, Weirdness & Mutations

You are too large for most types of armour.
You have claws for hands.
Your natural rate of healing is unusually fast.
You are covered in fur. (AC +1)
You have tough skin. (AC +1)


Message History

The wyvern is severely wounded.
The wyvern bites you!
You scratch the wyvern but do no damage.
The wyvern is severely wounded.
The wyvern bites you!
You claw the wyvern!
You kill the wyvern!
Trog accepts your kill.
Your Dodging skill increases to level 8!
You see here a wyvern corpse.
There is an open door, spattered with blood here.
You see here a necrophage corpse.
You see here a necrophage corpse.
There is a staircase leading out of the dungeon here.
You see here a necrophage corpse.
The wyvern hisses angrily.
You barely miss the wyvern. The wyvern bites you!
You scratch the wyvern but do no damage.
The wyvern closely misses you.
You scratch the wyvern.
The wyvern is lightly wounded.
The wyvern closely misses you.
You barely miss the wyvern.
The wyvern is lightly wounded.
The wyvern bites you! The wyvern completely misses you.
You barely miss the wyvern.
The wyvern is lightly wounded.
The wyvern bites you!
* * * LOW HITPOINT WARNING * * *
You closely miss the wyvern.
The wyvern is lightly wounded.
The wyvern barely misses you.
You claw the wyvern!
The wyvern is heavily wounded.
The wyvern bites you!
* * * LOW HITPOINT WARNING * * *
You scratch the wyvern.
The wyvern is severely wounded.
The wyvern bites you.
You die...

##+ ##.####
#.##..# #
##...####
#.
##'###.##
#.##.##.†.#
#l@<††.##+
#$##.##...#
#. #+###.##
# ##


You could see a wyvern.

Vanquished Creatures
  A wyvern (D)
  4 neqoxecs (D)
  4 necrophages (D)
9 creatures vanquished.

Vanquished Creatures (others)
  A water moccasin (D)
1 creature vanquished.

Grand Total: 10 creatures vanquished

Notes
Turn   | Place    | Note
-------+----------+-------------------------------------------
     0 | D        | sircluck the Troll Berserker began the quest for the Orb.
     0 | D        | Reached XP level 1. HP: 22/22 MP: 0/0
     1 | D        | Noticed a neqoxec
     1 | D        | Noticed a neqoxec
     1 | D        | Noticed a neqoxec
     1 | D        | Noticed a neqoxec
     7 | D        | Killed a neqoxec
     8 | D        | Reached skill level 5 in Fighting
     8 | D        | Reached skill level 5 in Dodging
     8 | D        | Reached skill level 6 in Unarmed Combat
     8 | D        | Reached XP level 2. HP: 32/35 MP: 1/1
     8 | D        | Reached XP level 3. HP: 38/42 MP: 2/2
     8 | D        | Reached XP level 4. HP: 46/50 MP: 3/3
    12 | D        | Killed a neqoxec
    13 | D        | Reached skill level 7 in Unarmed Combat
    13 | D        | Reached XP level 5. HP: 49/61 MP: 4/4
    19 | D        | Killed a neqoxec
    19 | D        | Reached ** piety under Trog
    20 | D        | Reached skill level 8 in Unarmed Combat
    20 | D        | Reached XP level 6. HP: 33/71 MP: 5/5
    22 | D        | Killed a neqoxec
    23 | D        | Reached skill level 9 in Unarmed Combat
    55 | D        | Reached XP level 7. HP: 63/80 MP: 6/6
    57 | D        | Reached *** piety under Trog
    58 | D        | Reached skill level 10 in Unarmed Combat
    80 | D        | Noticed a wyvern
    80 | D        | Noticed a wyvern
    90 | D        | Killed a wyvern
   104 | D        | HP: 4/81 [wyvern (16)]
   105 | D        | Slain by a wyvern

Illustrated notes

Levels and vault maps discovered:
D:        the_violet_keep_of_menkaure [sprint2_stairs_cluster_1,
          sprint2_shoproom, sprint2_temple, sprint2_basic_supplies,
          sprint2_obstacle_5, sprint2_obstacle_2, sprint2_obstacle_1,
          sprint2_obstacle_7, sprint2_obstacle_3, sprint2_timed_cluster_1,
          sprint2_smallroom_cluster_1, sprint2_smallroom_final_cluster_1,
          sprint2_transparent_cluster_1, sprint2_second_timed_cluster_1,
          sprint2_sniper_area_1, sprint2_heavy_combat_area_1,
          sprint2_mutation_trap_area_1, sprint2_forest_area_1,
          sprint2_light_combat_area_1, sprint2_behind_water_1,
          sprint2_near_end_vault_1]

Skill      XL: |  1  2  3  4  5  6  7 |
---------------+----------------------+-----
Fighting       | 5 6 7 8 |  8.9
Dodging        | 5 6 7 8 |  8.1
Unarmed Combat | 6 7 8 9 10 | 10.9

Action                     |  1- 3 |  4- 6 |  7- 9 || total
---------------------------+-------+-------+-------++-------
  Melee: Unarmed           |     5 |    18 |    19 ||    42
         Punch             |       |     1 |       ||     1
 Invoke: Berserk           |     1 |       |       ||     1
 Armour: Animal skin       |       |     1 |     2 ||     3
  Dodge: Dodged            |       |     2 |    15 ||    17

Table legend: (Time is in decaauts)
 A = Elapsed time spent in this place.
 B = Non-inter-level travel time spent in this place.
 C = Inter-level travel time spent in this place.
 D = Time resting spent in this place.
 E = Time spent auto-exploring this place.
 F = Levels seen in this place.
 G = Mean time per level.
                   A        B        C        D        E       F      G
               +--------+--------+--------+--------+--------+-----+--------+
         Total |    106 |    106 |      0 |      0 |      1 |   1 |  106.0 |
       Dungeon |    106 |    106 |      0 |      0 |      1 |   1 |  106.0 |
               +--------+--------+--------+--------+--------+-----+--------+

Top non-repeatable levels by time:
       D: 106 daAuts
